 Dungeon Crawl Stone Soup version 0.26.0-9-gab577f9fc5 (webtiles) character file.

Game seed: 16707628469323382349

44 Delamore the Skirmisher (level 3, -2/24 HPs)
             Began as a Gargoyle Fighter on Jan 13, 2021.
             Killed by nerve-wracking pain
             ... invoked by a shadow imp
              (6 damage)
             ... on level 2 of the Dungeon.
             The game lasted 00:00:56 (871 turns).

Delamore the Skirmisher (Gargoyle Fighter)           Turns: 871, Time: 00:00:57

Health: -2/24      AC: 12    Str: 20    XL:     3   Next: 62%
Magic:  3/3        EV:  7    Int:  8    God:
Gold:   128        SH:  9    Dex:  9    Spells: 2/2 levels left

rFire    . . .     SeeInvis .   a - +0 flail
rCold    . . .     Faith    .   c - +0 kite shield
rNeg     + . .     Spirit   .   b - +0 scale mail
rPois    ∞         Reflect  .   e - +1 helmet
rElec    +         Harm     .   (no cloak)
rCorr    .         Rampage  .   (no gloves)
Will     .....                  (no boots)
Stlth    +.........             (no amulet)
HPRegen  0.08/turn              m - ring of stealth
MPRegen  0.08/turn              (no ring)

@: no status effects
A: negative energy resistance 1, electricity resistance, unbreathing,
petrification resistance, miasma immunity, AC +3
a: no special abilities


You were on level 2 of the Dungeon.
You visited 1 branch of the dungeon, and saw 2 of its levels.

You collected 128 gold pieces.

Inventory:

Hand Weapons
 a - a +0 flail (weapon)
Missiles
 i - 7 javelins (quivered)
Armour
 b - a +0 scale mail (worn)
 c - a +0 kite shield (worn)
 e - a +1 helmet (worn)
Jewellery
 m - a ring of stealth (left hand)
Scrolls
 g - a scroll of identify {unknown}
 h - a scroll of fear {unknown}
 j - 2 scrolls of remove curse {unknown}
 l - 3 scrolls of amnesia {unknown}
 o - a scroll of random uselessness {unknown}
Potions
 d - a potion of might
 f - a potion of lignification {unknown}
 k - a potion of brilliance {unknown}
 n - a potion of attraction {unknown}


   Skills:
 + Level 3.9 Fighting
 + Level 2.7 Maces & Flails
 - Level 3.2 Armour
 + Level 3.9 Shields


You had 2 spell levels left.
You didn't know any spells.
Your spell library was empty.

Dungeon Overview and Level Annotations

Branches:
Dungeon (2/15)

Altars:


Innate Abilities, Weirdness & Mutations

You are resistant to torment.
Your stone body is resilient. (AC +3)
You are immune to poison.
You resist negative energy. (rN+)
You are resistant to electric shocks. (rElec)
You can survive without breathing.
You are immune to petrification.
You are immune to miasma.


Message History

You block the shadow imp's attack.
You barely miss the shadow imp.
The shadow imp is heavily wounded.
The shadow imp gestures at you.
You are unaffected.
You block the shadow imp's attack.
Your scale mail prevents you from hitting the shadow imp.
The shadow imp is heavily wounded.
You block the shadow imp's attack.
You closely miss the shadow imp.
The shadow imp is heavily wounded.
The shadow imp picks up a beetle and eats it.
The shadow imp hits you but does no damage.
The shadow imp gestures at you. Pain shoots through your body!
* * * LOW HITPOINT WARNING * * *
You hit the shadow imp but do no damage.
The shadow imp is heavily wounded.
The shadow imp gestures at you. Pain shoots through your body!
You die...

#. .. .###..# .....#.
..... #...# #...# #.5.#
..# #.@.# #.# .
#...########.# . #
#.........##.# ###.#
#..######.##.# #. ....#
#..# #.##.# #.
##...##..# #.##.# #.
###.....#.#######.##.##
..
#......[..###.........#
#.
#.#.....#........<....#


You could see a shadow imp.

Vanquished Creatures
  An adder (D:2)
  An ooze (D:1)
  A worm (D:2)
  A dart slug (D:1)
  A leopard gecko (D:2)
  A giant cockroach (D:1)
  2 goblins (D:1)
  6 hobgoblins
  5 kobolds (D:1)
  A bat (D:1)
  3 frilled lizards (D:1)
  3 rats (D:1)
26 creatures vanquished.

Notes
Turn   | Place    | Note
-------+----------+-------------------------------------------
     0 | D:1      | Delamore the Gargoyle Fighter began the quest for the Orb.
     0 | D:1      | Reached XP level 1. HP: 14/14 MP: 1/1
   161 | D:1      | Reached XP level 2. HP: 18/19 MP: 2/2
   589 | D:1      | Reached XP level 3. HP: 24/24 MP: 3/3
   871 | D:2      | Killed from afar by a shadow imp

Illustrated notes

Levels and vault maps discovered:
D:1:      nagdon_arrival_zigzag_paths, layout_loops_ring, serial_park_tiny_2
D:2:      layout_loops_ring, lemuel_zombie_altar_kikubaaqudgha,
          nicolae_overflow_crystal_walls, kennysheep_generic_room_10

Action                   || total
-------------------------++-------
Melee: Flail             ||   102
Armor: Scale mail        ||    45
Dodge: Dodged            ||    19
Block: Kite shield       ||    47
